 Dungeon Crawl Stone Soup version 0.31-a0-728-g01b46875f1 (webtiles) character file.

Game seed: 11020543014073177383

139 Newt the Trooper (level 5, 0/52 HPs)
             Began as a Gargoyle Fighter on Sept 11, 2023.
             Slain by Natasha (8 damage)
             ... on level 2 of the Dungeon.
             The game lasted 00:02:07 (1640 turns).

Newt the Trooper (Gargoyle Fighter)                 Turns: 1640, Time: 00:02:08

Health: 0/52       AC:  7    Str: 21    XL:     5   Next: 22%
Magic:  5/5        EV: 17    Int:  9    God:
Gold:   99         SH:  0    Dex:  9    Spells: 4/4 levels left

rFire   + + .        a - melded +1 flail
rCold   + + .        c - melded +0 buckler
rNeg    + + +        b - melded +0 scale mail
rPois   ∞            e - melded +3 helmet "Wejoneno" {Str+2 Int+4 Stlth+}
rElec   +            (cloak currently unavailable)
rCorr   +            (gloves currently unavailable)
SInv    .            (boots currently unavailable)
Will    .....        (amulet currently unavailable) Stlth
                     f - melded +5 ring of evasion
HPRegen 0.28/turn    (ring currently unavailable)
MPRegen 0.09/turn

%: no passive effects
@: berserking, wisp-form (expiring), flying, very quick
A: insubstantial, flying, no casting, sickness immunity, AC +4, tiny, negative
energy resistance 1, (electricity resistance), torment resistance 1,
petrification resistance
a: no special abilities


You were on level 2 of the Dungeon.
You were an insubstantial wisp.
You visited 1 branch of the dungeon, and saw 2 of its levels.

You collected 99 gold pieces.

Inventory:

Hand Weapons
 a - a +1 flail (melded)
Missiles
 j - 6 silver javelins
Armour
 b - a +0 scale mail (melded)
 c - a +0 buckler (melded)
 e - the +3 helmet "Wejoneno" (melded) {Str+2 Int+4 Stlth+}
   (You took it off Robin on level 1 of the Dungeon)

   Str+2:     It affects your strength (+2).
   Int+4:     It affects your intelligence (+4).
   Stlth+:    It makes you more stealthy.
Jewellery
 f - a +5 ring of evasion (melded)
 k - a +5 ring of evasion
Scrolls
 h - a scroll of identify
 m - a scroll of revelation
Potions
 d - a potion of might
 g - a potion of enlightenment
 l - 2 potions of resistance


   Skills:
 - Level 5.0 Fighting
 + Level 4.0 Maces & Flails
 - Level 3.2 Armour
 - Level 3.2 Shields


You had 4 spell levels left.
You didn't know any spells.
Your spell library contained the following spells:

 Spells                   Type           Power      Damage    Failure   Level
 Kiss of Death            Conj/Necr      0%         2d5       38%         1
 Blink                    Tloc           0%         N/A       52%         2
 Lesser Beckoning         Tloc           0%         N/A       52%         2
 Momentum Strike          Conj/Tloc      0%         3d8       52%         2
 Confusing Touch          Hex            0%         N/A       77%         3
 Dispel Undead            Necr           0%         3d6       99%         4


Dungeon Overview and Level Annotations

Branches:
Dungeon (2/15)

Altars:

Annotations:
D:2 1 runed translucent door, Crazy Yiuf, Natasha


Innate Abilities, Weirdness & Mutations

You are an insubstantial wisp.
Your tiny insubstantial body is highly resistant to most damage types.
You are flying.
Your equipment is entirely melded.
You are incapable of wielding weapons or throwing items.
You cannot cast spells.
You are immune to sickness and miasma.
((Your stone body is resilient. (AC +4)))
You are immune to poison.
You resist negative energy. (rN+)
((You are resistant to electric shocks. (rElec)))
You are resistant to unholy torment.
You are immune to petrification.


Message History

You touch Natasha.
Natasha is heavily wounded.
Natasha mumbles some strange words.
The cerulean imp barely misses you.
You touch Natasha but do no damage.
Natasha is heavily wounded.
Natasha stares at you and mumbles some strange words.
The magic dart hits you.
You closely miss Natasha.
Natasha is heavily wounded.
The cerulean imp hits you but does no damage.
The cerulean imp barely misses you. Natasha claws you.
You touch Natasha but do no damage.
Natasha is heavily wounded.
The cerulean imp closely misses you.
The cerulean imp hits you with a +2 spear.
Natasha stares at you and mumbles some strange words.
The magic dart hits you.
You miss Natasha.
Natasha is heavily wounded.
The cerulean imp hits you from afar with a +0 spear.
The cerulean imp hits you with a +2 spear.
* * * LOW HITPOINT WARNING * * *
You barely miss Natasha.
Natasha is heavily wounded.
Natasha casts a spell at you. The magic dart hits you.
* * * LOW HITPOINT WARNING * * *
The cerulean imp hits you but does no damage. x2
A red film seems to cover your vision as you go berserk!
You feel yourself moving faster!
You feel mighty!
Your transformation is almost over.
Natasha claws you but does no damage. The cerulean imp completely misses you.
The cerulean imp misses you.
Unknown command.
You touch Natasha.
Natasha is severely wounded.
Natasha claws you!
You die...
Natasha curls up and begins to purr.

#......# #.##.####. #.##.#.#
#.##...... ..##)#.# #.#######.
####.#.## #.# ##' ####....# #.#
##.. ........# ###.# ##...
..###....## ##.#.# ##....
...........##########....###.....
..............5hv5.........'....>
)..........#.#######....####.....
..###....##...# #.#.## ##.... .##
#...###...# #...# ##... ## ...#
..... ###.# ##.. # #........ #.#
##+ ........# #.# #. #.##...###
#.# #. # ### #. #...# #.# ##.


You could see Natasha and 2 cerulean imps.

Vanquished Creatures
  Natasha (twice) (D:2)
  Robin (D:1)
  2 adders (D:2)
  A worm (D:2)
  A dart slug (D:2)
  5 endoplasms
  7 giant cockroaches
  9 goblins
  6 hobgoblins
  A quokka (D:1)
  4 ball pythons
  6 bats
  6 frilled lizards
  3 kobolds
  2 rats (D:2)
56 creatures vanquished.

Notes
Turn   | Place    | Note
-------+----------+-------------------------------------------
     0 | D:1      | Newt the Gargoyle Fighter began the quest for the Orb.
     0 | D:1      | Reached XP level 1. HP: 14/14 MP: 1/1
    11 | D:1      | Found a faded altar of an unknown god.
   184 | D:1      | Reached XP level 2. HP: 16/20 MP: 2/2
   223 | D:1      | Reached skill level 4 in Fighting
   620 | D:2      | Identified the +3 helmet "Wejoneno" {Str+2 Int+4 Stlth+}
   620 | D:2      | Noticed Robin
   623 | D:2      | Reached XP level 3. HP: 24/24 MP: 3/3
   660 | D:1      | Killed Robin
   786 | D:2      | Reached skill level 5 in Fighting
   958 | D:2      | Reached XP level 4. HP: 31/31 MP: 4/4
   990 | D:2      | Noticed Natasha
  1001 | D:2      | Killed Natasha
  1085 | D:2      | Found a runed translucent door.
  1086 | D:2      | Noticed Crazy Yiuf
  1501 | D:2      | Noticed Natasha
  1562 | D:2      | Killed Natasha
  1563 | D:2      | Reached XP level 5. HP: 35/35 MP: 5/5
  1622 | D:2      | Noticed Natasha
  1640 | D:2      | Slain by Natasha

Illustrated notes

Levels and vault maps discovered:
D:1:      lightli_arrival_flooded_house, layout_rooms, basic_ecumenical_altar
D:2:      layout_loops_corners, uniq_natasha, uniq_crazy_yiuf_cottage,
          uniq_robin

Skill      XL: |  1  2  3  4 |
---------------+-------------+-----
Fighting       | 4 5 |  5.0
Maces & Flails | 4 |  4.0
Armour         | |  3.2
Shields        | |  3.2

Action                     |  1- 3 |  4- 6 || total
---------------------------+-------+-------++-------
  Melee: Flail             |   127 |    65 ||   192
         Unarmed           |       |    12 ||    12
    Use: Scroll            |     3 |     2 ||     5
         Potion            |       |     1 ||     1
 Armour: Scale mail        |    74 |    22 ||    96
         Skin              |       |    35 ||    35
  Dodge: Dodged            |   109 |    54 ||   163
  Block: Buckler           |    38 |    16 ||    54

Table legend: (Time is in decaauts)
 A = Elapsed time spent in this place.
 B = Non-inter-level travel time spent in this place.
 C = Inter-level travel time spent in this place.
 D = Time resting spent in this place.
 E = Time spent auto-exploring this place.
 F = Levels seen in this place.
 G = Mean time per level.
                   A        B        C        D        E       F      G
               +--------+--------+--------+--------+--------+-----+--------+
         Total |   1709 |   1699 |     10 |    255 |    934 |   2 |  854.5 |
       Dungeon |   1709 |   1699 |     10 |    255 |    934 |   2 |  854.5 |
               +--------+--------+--------+--------+--------+-----+--------+

Top non-repeatable levels by time:
     D:2: 952 daAuts
     D:1: 757 daAuts
